 Dungeon Crawl Stone Soup version 0.30-a0-778-g2ef04afb54 (webtiles) character file.

Game seed: 15986979824604135892

175 Smoke131 the Chucker (level 5, -1/53 HPs)
             Began as an Ogre Gladiator on Feb 15, 2023.
             Slain by an ogre
             ... wielding a +0 giant club
              (24 damage)
             ... on level 4 of the Dungeon.
             The game lasted 00:06:49 (2772 turns).

Smoke131 the Chucker (Ogre Gladiator)               Turns: 2772, Time: 00:06:49

Health: -1/53      AC:  5    Str: 18    XL:     5   Next: 55%
Magic:  5/5        EV: 10    Int: 12    God:
Gold:   179        SH:  0    Dex: 12    Spells: 4/4 levels left

rFire   + . .      SeeInvis .    p - +4 dagger
rCold   . . .      Faith    .    (no shield)
rNeg    . . .      Spirit   .    r - +2 robe "Ygunteuko" {rF+ rCorr Int+3}
rPois   .          Reflect  .    c - +0 hat
rElec   .          Harm     .    (no cloak)
rCorr   +          Rampage  .    (gloves unavailable)
Will    .....                    (boots unavailable)
Stlth   +                        (no amulet)
HPRegen 0.28/turn                (no ring)
MPRegen 0.09/turn                (no ring)

@: no status effects
A: large, unfitting armour, tough skin 1
a: no special abilities


You were on level 4 of the Dungeon.
You visited 1 branch of the dungeon, and saw 4 of its levels.

You collected 179 gold pieces.

Inventory:

Hand Weapons
 p - a +4 dagger (weapon)
Missiles
 d - 4 throwing nets
 e - a large rock
 f - 29 stones
 h - 5 boomerangs
 l - 6 poisoned darts (quivered)
Armour
 c - a +0 hat (worn)
 r - the +2 robe "Ygunteuko" (worn) {rF+ rCorr Int+3}
   (You found it on level 3 of the Dungeon)

   Int:       It affects your intelligence (+3).
   rF:        It protects you from fire.
   rCorr:     It protects you from acid and corrosion.
Jewellery
 m - an amulet of magic regeneration
Scrolls
 j - a scroll of fear {unknown}
 q - 2 scrolls of vulnerability
Potions
 b - a potion of mutation {unknown}
 g - 3 potions of ambrosia
 i - a potion of haste
 k - 4 potions of curing
 o - a potion of flight


   Skills:
 - Level 3.0 Fighting
 - Level 3.0 Axes
 + Level 5.3 Throwing
 - Level 3.0 Dodging


You had 4 spell levels left.
You didn't know any spells.
Your spell library contained the following spells:

 Spells                   Type           Power      Damage    Failure   Level
 Hailstorm                Conj/Ice       0%         3d3       69%         3
 Summon Guardian Golem    Hex/Summ       0%         N/A       69%         3
 Ice Form                 Ice/Tmut       0%         N/A       97%         4
 Simulacrum               Ice/Necr       0%         N/A       100%        6
 Orb of Destruction       Conj           0%         9d5       100%        7
 Spellforged Servitor     Conj/Summ      0%         N/A       100%        7


Dungeon Overview and Level Annotations

Branches:
Dungeon (4/15)
 Temple: D:4-7

Altars:
Elyvilon


Innate Abilities, Weirdness & Mutations

You are too large for most types of armour.
You have tough skin. (AC +1)


Message History

You see here a quokka corpse.
There is a white marble altar of Elyvilon here.
You now have 179 gold pieces (gained 11).
Found a stone staircase leading down.
Found a stone staircase leading down.
A ball python comes into view.
A hobgoblin comes into view.
Found a stone staircase leading up.
The hobgoblin shouts!
You hear a shout!
The ball python hisses angrily.
An ogre comes into view. It is wielding a +0 giant club.
You see here a green potion.
The ball python bites the bush but does no damage.
You see here a quokka corpse.
The ball python completely misses something.
Things that are here:
a +0 short sword; a kobold corpse You hit the hobgoblin.
The hobgoblin is almost dead.
The hobgoblin hits you but does no damage.
You hit the hobgoblin.
You kill the hobgoblin!
Throw: 8 darts (poison)
Press: ? - help, Q - select action, (/) - cycle Shift-Dir - straight line, f - ogre
Aim: an ogre, wielding a +0 giant club (75% to hit)
You throw a poisoned dart.
The poisoned dart barely misses the ogre.
The poisoned dart barely misses the ball python.
The ogre hits you with a +0 giant club!
Throw: 7 darts (poison)
Press: ? - help, Q - select action, (/) - cycle Shift-Dir - straight line, f/p - ogre
Aim: an ogre, wielding a +0 giant club (75% to hit)
You throw a poisoned dart. The poisoned dart hits the ogre!
The ogre is poisoned.
The ogre attacks as you move away! The ogre hits you with a +0 giant club!
There is a stone staircase leading up here.
You see here a +0 war axe.
The ogre looks more healthy.
The ogre attacks as you move away!
The ogre hits you with a +0 giant club!!
You die...

# .......#####...###
#.# ## #.....(.....(#
#.# .# #..#####...#.#
#.# .##########..#
##.##.# #.#
S#........#..# #.##.#
#.# #########.#..#
#.##.# #.# #
##.#..######....# #.#
# ##.....S.O..####.#
#.#
#.....####@..###.###.#
#....................#
#.....####...###.#####
##....#####.####.#
####............#
#######.####.# #.# ..#
#.# ### ..#


You could see an ogre and a ball python.

Vanquished Creatures
  A phantom (D:4)
  4 adders (D:2)
  2 worms (D:2)
  3 orcs (D:3)
  3 endoplasms
  4 giant cockroaches
  3 goblins
  3 hobgoblins
  4 kobolds
  3 quokkas
  5 ball pythons
  7 bats
  2 frilled lizards (D:2)
  5 rats
49 creatures vanquished.

Vanquished Creatures (others)
  The ghost of baal32 the Gusty, a weakling DrAE (D:3)
1 creature vanquished.

Grand Total: 50 creatures vanquished

Notes
Turn   | Place    | Note
-------+----------+-------------------------------------------
     0 | D:1      | Smoke131 the Ogre Gladiator began the quest for the Orb.
     0 | D:1      | Reached XP level 1. HP: 22/22 MP: 1/1
   366 | D:1      | Reached XP level 2. HP: 28/31 MP: 2/2
  1109 | D:2      | Reached XP level 3. HP: 31/37 MP: 3/3
  1110 | D:2      | Reached skill level 3 in Throwing
  1363 | D:2      | Reached XP level 4. HP: 16/45 MP: 4/4
  1512 | D:2      | Reached skill level 4 in Throwing
  2069 | D:3      | Found a runed translucent door.
  2069 | D:3      | Noticed baal32's ghost (weakling DrAE)
  2092 | D:3      | Killed baal32's ghost
  2369 | D:3      | Identified the +2 robe "Ygunteuko" {rF+ rCorr Int+3}
  2553 | D:4      | Noticed a phantom
  2571 | D:4      | Killed a phantom
  2572 | D:4      | Reached skill level 5 in Throwing
  2572 | D:4      | Reached XP level 5. HP: 39/53 MP: 5/5
  2659 | D:4      | Found a white marble altar of Elyvilon.
  2707 | D:4      | Noticed an ogre
  2772 | D:4      | Slain by an ogre

Illustrated notes

Levels and vault maps discovered:
D:1:      dpeg_arrival_signposts, layout_basic, minmay_misc_feat_four_crosses
D:2:      minmay_spotlight, layout_basic, hangedman_decor_riveting,
          minmay_crystal_room
D:3:      layout_rooms, hellmonk_ghost_happy_afterlife
D:4:      layout_loops_ring, elyvilon_altar_1, minmay_quadrilaterals

Skill      XL: |  1  2  3  4 |
---------------+-------------+-----
Fighting       | 3 |  3.0
Dodging        | 3 |  3.0
Throwing       | 3 5 |  5.3
Axes           | |  3.0

Action                     |  1- 3 |  4- 6 || total
---------------------------+-------+-------++-------
  Melee: War axe           |    94 |    75 ||   169
         Dagger            |       |    13 ||    13
  Throw: Dart              |     3 |     2 ||     5
         Boomerang         |       |     9 ||     9
         Large rock        |       |     2 ||     2
    Use: Scroll            |       |     8 ||     8
         Potion            |       |     2 ||     2
   Stab: Sleeping          |     1 |       ||     1
 Armour: Robe              |    47 |    32 ||    79
  Dodge: Dodged            |    66 |    61 ||   127

Table legend: (Time is in decaauts)
 A = Elapsed time spent in this place.
 B = Non-inter-level travel time spent in this place.
 C = Inter-level travel time spent in this place.
 D = Time resting spent in this place.
 E = Time spent auto-exploring this place.
 F = Levels seen in this place.
 G = Mean time per level.
                   A        B        C        D        E       F      G
               +--------+--------+--------+--------+--------+-----+--------+
         Total |   2812 |   2703 |    109 |    175 |   1757 |   4 |  703.0 |
       Dungeon |   2812 |   2703 |    109 |    175 |   1757 |   4 |  703.0 |
               +--------+--------+--------+--------+--------+-----+--------+

Top non-repeatable levels by time:
     D:1: 908 daAuts
     D:3: 829 daAuts
     D:2: 819 daAuts
     D:4: 255 daAuts
